 Dungeon Crawl Stone Soup version 0.32-a0-616-g9348d4545b (webtiles) character file.

Game seed: 17122527974276142187

244 miscthings the Apothecary (level 6, -7/41 HPs)
             Began as a Coglin Alchemist on Mar 6, 2024.
             Killed from afar by a white imp (10 damage)
             ... with a puff of frost
             ... on level 5 of the Dungeon.
             The game lasted 00:07:02 (2196 turns).

miscthings the Apothecary (Coglin Alchemist)        Turns: 2196, Time: 00:07:03

Health: -7/41      AC:  3    Str:  8    XL:     6   Next: 10%
Magic:  1/10       EV: 12    Int: 17    God:
Gold:   97         SH:  0    Dex: 14    Spells: 4/10 levels left

rFire   . . .        k - +0 sling {Consuela}
rCold   . . .        (no shield)
rNeg    . . .        a - +0 robe
rPois   .            (no helmet)
rElec   .            j - +0 cloak
rCorr   .            (no gloves)
SInv    .            (no boots)
Will    .....        (amulet unavailable)
Stlth   ++           (ring unavailable)
HPRegen 0.26/turn    (ring unavailable)
MPRegen 0.12/turn    (no gizmo)

%: no passive effects
@: revved
A: off-hand wielding, slow wielding, warmup strikes, no jewellery
a: Invent Gizmo


You were on level 5 of the Dungeon.
You visited 1 branch of the dungeon, and saw 5 of its levels.

You collected 127 gold pieces.
You spent 30 gold pieces at shops.

Inventory:

Hand Weapons
 c - a +0 mace {Narong}
 k - a +0 sling (weapon) {Consuela}
Armour
 a - a +0 robe (worn)
 j - a +0 cloak (worn)
Magical Staves
 o - a staff of conjuration
Wands
 l - a wand of polymorph (8)
Scrolls
 d - a scroll of fog {unknown}
 e - a scroll of fear {unknown}
 h - a scroll of teleportation
 i - a scroll of blinking
Potions
 b - a potion of magic
 f - a potion of heal wounds
 g - a potion of resistance {unknown}
 m - a potion of brilliance


   Skills:
 - Level 1.7 Dodging
 - Level 1.5 Stealth
 + Level 2.9 Spellcasting
 + Level 2.6 Conjurations
 * Level 5.6 Alchemy


You had 4 spell levels left.
You knew the following spells:

 Your Spells              Type           Power      Damage    Failure   Level
a - Sting                 Conj/Alch      64%        1d7       3%          1
b - Mercury Vapours       Alch/Air       24%        N/A       9%          2
c - Mephitic Cloud        Conj/Alch/Air  11%        N/A       17%         3

Your spell library contained the following spells:

 Spells                   Type           Power      Damage    Failure   Level
 Foxfire                  Conj/Fire      28%        2x1d5     11%         1
 Olgreb's Toxic Radiance  Alch           21%        N/A       17%         4
 Sticky Flame             Fire/Alch      12%        2d5       50%         4
 Plasma Beam              Fire/Air       1%         2x1d11    100%        6
 Starburst                Conj/Fire      3%         6d3       100%        6


Dungeon Overview and Level Annotations

Branches:
Dungeon (5/15)
 Temple: D:4-7

Altars:

Shops:
D:1 ?


Innate Abilities, Weirdness & Mutations

You can wield a second weapon in your off-hand.
It takes a long time for you to wield or remove held weapons.
Your first few attacks do less damage.
You cannot equip rings or amulets.


Message History

Aim: a white imp (moderately wounded, 74% to hit)
The sting misses the white imp.
The white imp closely misses you.
You shoot a sling bullet.
The sling bullet completely misses the white imp.
You hear an angry hiss.
The white imp gestures at you. The puff of frost hits you!
You shoot a sling bullet.
The sling bullet barely misses the white imp.
The white imp gestures at you. The puff of frost hits you.
The white imp gestures at you. The puff of frost hits you.
* * * LOW HITPOINT WARNING * * *
You are too injured to fight recklessly!
Fire: k) +0 sling {Consuela}
Press: ? - help, Q - select action, (/) - cycle Shift-Dir - straight line, f/p - white imp
Aim: a white imp (moderately wounded, 54% to hit)
You shoot a sling bullet.
The sling bullet barely misses the white imp.
An adder comes into view.
The white imp gestures at you. The puff of frost misses you.
The adder moves out of view.
Fire: k) +0 sling {Consuela}
Press: ? - help, Q - select action, (/) - cycle Shift-Dir - straight line, f/p - white imp
Aim: a white imp (moderately wounded, 54% to hit)
You shoot a sling bullet.
The sling bullet barely misses the white imp.
The white imp hits you.
* * * LOW HITPOINT WARNING * * *
The white imp freezes you.
* * * LOW HITPOINT WARNING * * *
The white imp attacks as it pursues you!
The white imp hits you.
* * * LOW HITPOINT WARNING * * *
The white imp freezes you.
* * * LOW HITPOINT WARNING * * *
The white imp gestures at you. The puff of frost hits you!
You die...

######......#
..#####.####.##########
(......................
..............#.###.##
..###.#....#..#.# .#
#......#....# .#
###.........###.##
#...##5#..)....#
#...@.S.#.###..#
......######.# ....#
...... ..# .##.# ....
#### .# .# ... .# .# ..
.< . . ..


You could see an adder and a white imp.

Vanquished Creatures
  An ogre (D:5)
  A phantom (D:5)
  3 adders
  A ribbon worm (D:2)
  5 orcs (D:5)
  2 ball pythons (D:1)
  3 bats
  4 endoplasms (D:2)
  A giant cockroach (D:1)
  2 goblins
  10 hobgoblins
  4 quokkas
  4 frilled lizards
  3 kobolds
  6 rats (D:2)
50 creatures vanquished.

Notes
Turn   | Place    | Note
-------+----------+-------------------------------------------
     0 | D:1      | miscthings the Coglin Alchemist began the quest for the
                  | Orb.
     0 | D:1      | Reached XP level 1. HP: 13/13 MP: 3/3
    54 | D:1      | Reached skill level 1 in Conjurations
   243 | D:1      | Reached XP level 2. HP: 19/19 MP: 1/4
   563 | D:1      | Found Kethrewei's Magic Scroll Shop.
   571 | D:1      | Bought a scroll of teleportation for 30 gold pieces
   697 | D:2      | Reached skill level 4 in Alchemy
   697 | D:2      | Reached XP level 3. HP: 24/24 MP: 2/6
   788 | D:2      | Learned a level 2 spell: Mercury Vapours
   792 | D:2      | Learned a level 3 spell: Mephitic Cloud
  1328 | D:2      | Reached XP level 4. HP: 30/30 MP: 2/7
  1945 | D:5      | Entered Level 5 of the Dungeon
  1948 | D:5      | Noticed a phantom
  2017 | D:5      | Killed a phantom
  2018 | D:5      | Reached skill level 5 in Alchemy
  2018 | D:5      | Reached XP level 5. HP: 13/35 MP: 0/9
  2162 | D:5      | Noticed an ogre
  2179 | D:5      | Killed an ogre
  2180 | D:5      | Reached XP level 6. HP: 41/41 MP: 0/10
  2196 | D:5      | Killed from afar by a white imp

Illustrated notes

Levels and vault maps discovered:
D:1:      mrwooster_arrival_arrow, layout_loops_ring, serial_shops, shop
D:2:      layout_loops_corners, minmay_split_cup_large
D:3:      layout_basic
D:4:      layout_layer_cave, serial_glass, glass_columns_b, glass_columns_a,
          glass_columns_b, glass_columns_b, glass_columns_b
D:5:      layout_basic, serial_bayou_lagoon_a, uniq_menkaure

Skill      XL: |  1  2  3  4 |
---------------+-------------+-----
Conjurations   | 1 2 |  2.6
Spellcasting   | 2 |  2.9
Alchemy        | 4 5 |  5.6
Dodging        | |  1.7
Stealth        | |  1.5

Action                     |  1- 3 |  4- 6 || total
---------------------------+-------+-------++-------
  Melee: Mace              |    14 |       ||    14
   Fire: Sling             |    25 |    62 ||    87
   Cast: Sting             |    50 |    38 ||    88
         Mephitic Cloud    |       |     1 ||     1
    Use: Scroll            |       |     6 ||     6
         Potion            |       |     5 ||     5
 Armour: Robe              |    27 |    68 ||    95
         Skin              |     1 |       ||     1
  Dodge: Dodged            |    43 |    39 ||    82

Table legend: (Time is in decaauts)
 A = Elapsed time spent in this place.
 B = Non-inter-level travel time spent in this place.
 C = Inter-level travel time spent in this place.
 D = Time resting spent in this place.
 E = Time spent auto-exploring this place.
 F = Levels seen in this place.
 G = Mean time per level.
                   A        B        C        D        E       F      G
               +--------+--------+--------+--------+--------+-----+--------+
         Total |   2231 |   2171 |     60 |    129 |   1458 |   5 |  446.2 |
       Dungeon |   2231 |   2171 |     60 |    129 |   1458 |   5 |  446.2 |
               +--------+--------+--------+--------+--------+-----+--------+

Top non-repeatable levels by time:
     D:2: 1079 daAuts
     D:1: 668 daAuts
     D:5: 271 daAuts
     D:3: 136 daAuts
     D:4: 75 daAuts
